Map: Lerilak Crest

Players

AcerNerchio (Nerchio) - Winner!

  • Race: Zerg Zerg

HyuN

  • Race: Zerg Zerg

Event: Gauntlet LotV Series 1 Qualifier 1

VOD

Have the link to the VOD?

Description

Time

  • Played on: Nov. 22, 2015, 4:36 p.m.
  • Length: 6:02

All games in this series

Show
View Real Time Build Order
Export as new Build Order

AcerNerchio Zerg - Winner!

Build Orders: Pool First, Zergling Baneling 

Get SALT Encoding   

  12  0:01  Drone  
  13  0:12  Overlord  
  13  0:17  Drone  
  14  0:30  Drone x2  
  14  0:34  Drone  
  17  0:46  Extractor  
  17  0:47  Spawning Pool  
  16  0:50  Drone  
  16  0:57  Drone  
  17  1:06  Overlord  
  17  1:34  Zergling x4  
  17  1:35  Queen  
  17  1:39  Zergling x2  
  22  1:46  Metabolic Boost  
  22  1:49  Zergling x2  
  23  1:57  Hatchery  
  23  2:00  Zergling x2  
  23  2:09  Baneling Nest  
  23  2:12  Zergling x2  
  23  2:22  Zergling x2  
  23  2:32  Zergling x2  
  23  2:42  Zergling x2  
  23  2:43  Zergling x4  
  26  2:44  Queen  
  26  2:48  Zergling x2  
  29  2:55  Baneling x3  
  29  2:57  Zergling x2  
  30  3:08  Overlord  
  30  3:13  Zergling x2  
  30  3:20  Zergling x4  
  31  3:28  Zergling x2  
  31  3:31  Zergling x2  
  27  3:42  Zergling x2  
  24  3:49  Zergling x2  
  24  3:53  Zergling x2  
  24  3:54  Baneling x4  
  25  4:00  Queen, Zergling x2  
  28  4:03  Zergling x2  
  29  4:10  Zergling x2  
  29  4:12  Zergling x2  
  29  4:16  Zergling x2  
  31  4:19  Baneling  
  31  4:22  Zergling x2  
  31  4:28  Zergling x2  
  30  4:32  Zergling x2  
  30  4:36  Zergling x2  
  28  4:40  Zergling x2  
  29  4:45  Zergling x2  
  29  4:50  Zergling x4  
  28  4:53  Baneling  
  28  4:58  Zergling x2  
  29  5:00  Zergling x2  
  29  5:03  Baneling  
  29  5:04  Baneling  
  30  5:08  Baneling  
  30  5:11  Zergling x2  
  31  5:14  Baneling  
  31  5:16  Zergling x2  
  32  5:22  Zergling x2  
  32  5:28  Zergling x4  
  33  5:31  Zergling x2  
  33  5:36  Baneling  
  33  5:42  Zergling x4  
Show
View Real Time Build Order
Export as new Build Order

HyuN Zerg 

Build Orders: Hatch First, Zergling Baneling 

Get SALT Encoding   

  12  0:01  Drone  
  13  0:13  Overlord  
  13  0:18  Drone  
  14  0:31  Drone x2  
  14  0:35  Drone  
  17  0:53  Hatchery  
  16  1:00  Extractor  
  15  1:07  Spawning Pool  
  15  1:10  Drone  
  15  1:13  Drone  
  15  1:17  Drone  
  17  1:24  Drone  
  18  1:32  Overlord  
  18  1:53  Queen  
  20  1:54  Zergling x4  
  20  2:01  Metabolic Boost  
  22  2:04  Zergling x2  
  22  2:07  Zergling x2  
  24  2:17  Zergling x2  
  24  2:18  Zergling x2  
  26  2:23  Baneling Nest  
  26  2:27  Zergling x4  
  25  2:37  Zergling x4  
  27  2:48  Queen  
  29  2:54  Zergling x4  
  31  3:00  Zergling x4  
  33  3:12  Baneling x2  
  32  3:15  Zergling x8  
  32  3:19  Baneling  
  31  3:20  Baneling  
  31  3:23  Zergling x4  
  28  3:42  Zergling x10  
  28  3:47  Zergling x2  
  31  3:53  Zergling x2  
  31  3:54  Zergling x2  
  29  4:05  Baneling x2  
  29  4:06  Baneling x2  
  25  4:11  Zergling x2  
  25  4:12  Zergling x2  
  27  4:23  Baneling x2  
  26  4:30  Zergling x2  
  26  4:31  Zergling x8  
  25  4:47  Zergling x2  
  25  4:48  Zergling x2  
  25  4:49  Zergling x6  
  30  5:00  Baneling x2  
  30  5:02  Zergling x4  
  32  5:11  Baneling x2  
  32  5:12  Baneling x2  
  32  5:13  Baneling  
  32  5:14  Baneling  
  32  5:16  Baneling  
  32  5:18  Zergling x2  
  32  5:19  Zergling x2  
  34  5:25  Zergling x2  
  34  5:31  Zergling x4  
  33  5:36  Zergling x2  
  33  5:41  Zergling x2  
Tags
 
Add a new tag
Caveats
  • Supply blocks, unpowered buildings, or Contaminate may cause inaccurate times.
  • Supply counts are checked every 10 seconds.